 Dungeon Crawl Stone Soup version 0.17-a0-2098-gf59d6bc (webtiles) character file.

390206 vatarom the Peltast (level 24, -4/184 HPs)
             Began as a Formicid Fighter on Oct 16, 2015.
             Was a High Priest of Cheibriados.
             Killed from afar by a shadow dragon (39 damage)
             ... with a bolt of negative energy
             ... on level 5 of the Vaults on Oct 17, 2015.
             The game lasted 02:06:03 (45376 turns).

vatarom the Peltast (Formicid Fighter)             Turns: 45376, Time: 02:06:04

Health: -4/184     AC: 36    Str: 36    XL:     24   Next: 17%
Magic:  41/55      EV: 13    Int: 26    God:    Cheibriados [*****.]
Gold:   1245       SH: 22    Dex: 39    Spells: 3 memorised, 31 levels left

rFire  + . .     SeeInvis +     L - +2 eveningstar (freeze)
rCold  + . .     Clarity  .     f - +8 gold dragon armour of Egenwyidgh {*Drain rPois rF+ rC+ rCorr MP+9 Dex+2}
rNeg   . . .     SustAt   .     c - +4 shield
rPois  +         Gourm    +     (helmet unavailable)
rElec  .         Spirit   .     Y - +2 cloak {MR+}
rCorr  +         Warding  .     Q - +0 pair of gloves {Dex+3}
rMut   .         Stasis   +     h - +2 pair of boots
MR     +++..                    S - amulet of the gourmand
Stlth  ..........               O - ring "Lyt Seqo" {MP+9 Dex+6 Stlth-}
                                C - +6 ring of dexterity

@: studying Dodging, drained, very slow, extremely resistant to hostile
enchantments, extremely unstealthy
A: permanent stasis, dig shafts and tunnels, four strong arms, antennae 3
a: Dig, Shaft Self, Bend Time, Temporal Distortion, Slouch, Step From Time,
Renounce Religion
}: 2/15 runes: decaying, gossamer


You were on level 5 of the Vaults.
You worshipped Cheibriados.
Cheibriados was extremely pleased with you.
You were full.

You visited 7 branches of the dungeon, and saw 41 of its levels.
You also visited: Ossuary.

You collected 4418 gold pieces.
You spent 3173 gold pieces at shops.

Inventory:

Hand Weapons
 j - a +1 great mace of protection
 x - a +1 dire flail of crushing
 z - a +4 dire flail of flaming
 L - a +2 eveningstar of freezing (weapon)
Armour
 c - a +4 shield (worn)
 f - the +8 gold dragon armour of Egenwyidgh (worn) {*Drain rPois rF+ rC+ rCorr MP+9 Dex+2}
   (You bought it in a shop on level 4 of the Orcish Mines)

   It affects your dexterity (+2).
   It protects you from fire.
   It protects you from cold.
   It protects you from poison.
   It affects your magic capacity (+9).
   It protects you from acid and corrosion.
   It causes draining when unequipped.
 h - a +2 pair of boots (worn)
 Q - a +0 pair of gloves of dexterity (worn)
 Y - a +2 cloak of magic resistance (worn)
Jewellery
 b - an uncursed ring of protection from fire
 k - an uncursed amulet of guardian spirit
 C - a +6 ring of dexterity (left hand)
 O - the ring "Lyt Seqo" (right hand) {MP+9 Dex+6 Stlth-}
   (You found it on level 3 of the Lair of Beasts)

   [ring of loudness]

   It affects your dexterity (+6).
   It affects your magic capacity (+9).
   It makes you less stealthy.
 S - an amulet of the gourmand (around neck)
Wands
 l - a wand of fire (1)
 m - a wand of fireball (5)
 o - a wand of magic darts (9)
 s - a wand of flame (28)
 v - a wand of disintegration (9)
 y - a wand of fire (7)
 G - a wand of disintegration (8)
 I - a wand of fireball (7)
 K - a wand of paralysis (5)
 M - a wand of frost (29)
 N - a wand of magic darts (19)
 W - a wand of flame (21)
 X - a wand of magic darts (13)
Scrolls
 d - 7 scrolls of fog
 g - 6 scrolls of magic mapping
 i - 13 scrolls of remove curse
 B - a scroll of recharging
 D - a scroll of summoning
Potions
 e - 3 potions of magic
 n - a potion of cure mutation
 p - 7 potions of resistance
 r - 5 potions of agility
 w - 5 potions of might
 A - 2 potions of invisibility
 E - 6 potions of brilliance
 F - a potion of cancellation
 V - 2 potions of flight
Books
 H - a book of Necromancy

   Spells                             Type                      Level
   a - Pain                           Necromancy                   1
   b - Animate Skeleton               Necromancy                   1
   c - Vampiric Draining              Necromancy                   3
   d - Regeneration                   Charms/Necromancy            3
   e - Animate Dead                   Necromancy                   4
   f - Control Undead                 Necromancy                   4
 T - a book of Annihilations

   Spells                             Type                      Level
   a - Poison Arrow                   Conjuration/Poison           6
   b - Chain Lightning                Conjuration/Air              8
   c - Lehudib's Crystal Spear        Conjuration/Earth            8
   d - Glaciate                       Conjuration/Ice              9
   e - Fire Storm                     Conjuration/Fire             9
 U - a manual of Dodging
Miscellaneous
 a - a fan of gales (inert)
Comestibles
 q - 11 bread rations
 t - 29 fruits
 u - 10 meat rations
 J - 3 beef jerkies
 P - 2 royal jellies
 R - a slice of pizza


   Skills:
 + Level 13.8(12.9) Fighting
 - Level 16.6(15.6) Maces & Flails
 - Level 15.0(14.1) Armour
 - Level 5.8(5.1) Dodging
 - Level 16.6(15.6) Shields
 - Level 10.7(9.9) Spellcasting
 - Level 7.2(6.4) Summonings
 - Level 9.4(8.6) Necromancy
 * Level 14.4(13.5) Air Magic
 - Level 14.6(13.7) Invocations
 - Level 9.9(9.1) Evocations


You had 31 spell levels left.
You knew the following spells:

 Your Spells              Type           Power        Failure   Level  Hunger
a - Regeneration          Chrm/Necr      #####.....   30%         3    None
c - Tornado               Air            ######....   100%        9    #######
d - Summon Butterflies    Summ           #####...     4%          1    None


Dungeon Overview and Level Annotations

Branches:
Dungeon (15/15)            Temple (1/1) D:7            Lair (8/8) D:10
  Swamp (4/4) Lair:6       Spider (4/4) Lair:5        Slime (0/6) Lair:8
    Orc (4/4) D:10         Vaults (5/5) D:14          Crypt (0/3) Vaults:2
 Depths (0/5) D:15
    Elf: Orc:3-4

Altars:
Ashenzari
Cheibriados
Dithmenos
Elyvilon
Fedhas
Gozag
Kikubaaqudgha
Makhleb
Nemelex Xobeh
Okawaru
Qazlal
Ru
Sif Muna
Trog
Vehumet
Xom
Yredelemnul
Zin
The Shining One
Beogh
Jiyva

Shops:
D:4 !   D:14 =   Orc:1 }   Orc:4 [!(*   Vaults:1 [   Vaults:4 *

Portals:
Hell: Lair:8
Trove: D:13 (show slimy rune of Zot)

Annotations:
Lair:8 1 runed door


Innate Abilities, Weirdness & Mutations

You are under a permanent stasis effect.
You can dig through walls and to a lower floor.
Your four strong arms can wield two-handed weapons with a shield.
You have a pair of large antennae on your head (SInv).


Message History

The great blast of fire engulfs the naga.
The naga dies!
The great blast of fire engulfs the lich.
The great blast of fire engulfs the deep elf high priest.
The deep elf high priest dies!
The great blast of fire engulfs the vault warden.
The vault warden dies!
The runic seals fade away.
The great blast of fire engulfs the stone giant.
The vault warden activates a sealing rune.
The lich is engulfed in roaring flames.
The lich is destroyed!
The storm dragon is engulfed in roaring flames.
The storm dragon breathes lightning at you.
The bolt of lightning hits you!
* * * LOW HITPOINT WARNING * * *
The shadow dragon is engulfed in roaring flames.
The shadow dragon breathes negative energy at you.
The bolt of negative energy hits you!
You feel drained.
You die...

#....#
##.#....#
##..#.(..#
.##...#....# s
......#....##)#
..(..N.(p..#
#####§vv§v.4.##
.....v§CD§.....
.....§§@DD<....
.....v§§§C.....
.....§§v§4.....
#####[[(.....##
(.[....(...
..(#..$(#..#
.(..#....#.##
.....#....# #


You could see a shadow dragon, a golden dragon, a storm dragon, a fire giant, a
stone giant, a vault warden, a salamander stormcaller, a rust devil, a blue
devil and a tarantella.

Vanquished Creatures
  Frederick (Vaults:4)
  Nikola (Swamp:3)
  Jory (Vaults:2)
  Rupert (D:15)
  3 tentacled monstrosities
  2 liches
  3 sphinxes
  A thorn hunter (Swamp:4)
  The ghost of brucemayne the Executioner, an adept HOBe of Trog (Spider:4)
  A tengu reaver (Vaults:4)
  A shadow dragon (Vaults:4)
  A storm dragon (Vaults:4)
  A fire giant (Vaults:2)
  2 deep elf sorcerers
  Donald (Swamp:3)
  8 vault wardens
  An orc warlord (Orc:4)
  A frost giant (Vaults:4)
  2 ghost moths (Spider:4)
  Aizul (Swamp:3)
  8 emperor scorpions (Spider:4)
  15 ironheart preservers
  7 very ugly things
  4 stone giants (Vaults:4)
  3 deep elf demonologists
  2 war gargoyles (Vaults:5)
  2 deep elf annihilators
  A dire elephant (Lair:8)
  2 ettins
  2 deep elf death magi
  32 vault guards
  A jiangshi (Vaults:2)
  Josephine (Lair:7)
  9 yaktaur captains
  5 fire dragons
  2 deep elf high priests (Vaults:5)
  A large abomination (Vaults:4)
  4 entropy weavers
  13 ogre magi
  2 catoblepae
  Erica (D:10)
  4 ghost crabs
  32 hydras
  4 ice dragons
  A queen ant (Lair:5)
  9 centaur warriors
  9 alligators
  2 deep troll shamans
  A dancing weapon (Vaults:2)
  16 death yaks
  5 tengu warriors
  Urug (Lair:4)
  An orc high priest (Orc:3)
  4 deep elf knights
  A soul eater (Vaults:2)
  A fire crab (Vaults:3)
  2 shadow wraiths
  4 unseen horrors
  9 hill giants
  4 skeletal warriors (D:14)
  2 spriggan druids (Swamp:3)
  A deep elf summoner (Vaults:2)
  2 phantasmal warriors
  20 deep trolls
  4 shambling mangroves
  8 ironbrand convokers
  Pikel (D:4)
  5 deep elf conjurers
  A flayed ghost (Vaults:4)
  3 orc sorcerers
  A wizard (Lair:8)
  11 swamp dragons
  A necromancer (Vaults:3)
  The ghost of cireshan the Thaumaturge, a novice DECj of Sif Muna (D:7)
  17 ugly things
  A harpy (Vaults:1)
  14 orc knights
  A harpy (shapeshifter) (Vaults:3)
  2 manticores
  A tengu skeleton (Vaults:3)
  21 wolf spiders
  10 orb spiders
  A cyclops (shapeshifter) (Vaults:4)
  7 hornets
  A moth of wrath (shapeshifter) (Vaults:2)
  A faun (shapeshifter) (Vaults:4)
  A sixfirhy (Lair:8)
  2 griffons
  11 elephants
  42 slime creatures
  2 moths of wrath (Spider:4)
  A fire giant skeleton (Vaults:3)
  A smoke demon (Lair:8)
  6 cyclopes
  4 gargoyles
  3 centaur zombies
  11 vault sentinels
  2 torpor snails
  A black mamba (Lair:7)
  4 orange demons (Lair:8)
  A salamander skeleton (Vaults:3)
  25 spiny frogs
  A hellwing (Lair:8)
  50 yaktaurs
  18 komodo dragons
  A kobold demonologist (D:13)
  6 fire drakes
  4 deep elf priests
  2 efreet
  A tengu conjurer (D:13)
  9 demonic crawlers
  A guardian mummy (D:13)
  A yaktaur skeleton (Vaults:3)
  13 trolls
  26 two-headed ogres
  19 jumping spiders
  2 trolls (shapeshifter)
  5 freezing wraiths
  4 giant leeches
  2 blue devils (Lair:8)
  Grinder (D:5)
  2 red devils (Lair:8)
  A hornet zombie (D:14)
  11 bog bodies
  8 boulder beetles
  34 blink frogs
  A blink frog (shapeshifter) (Vaults:2)
  44 redbacks
  A trapdoor spider (shapeshifter) (Vaults:1)
  18 trapdoor spiders
  A fire giant simulacrum (Vaults:1)
  Sigmund (D:3)
  A vampire (D:15)
  2 wyverns
  15 spriggans
  11 tarantellas
  4 deep elf magi
  6 wraiths
  2 shadows
  A human (shapeshifter) (Vaults:2)
  17 hippogriffs
  44 vampire mosquitoes
  56 yaks
  2 basilisks (shapeshifter) (Vaults:1)
  A hungry ghost (D:10)
  3 basilisks
  8 deep elf fighters
  5 soldier ants (Lair:5)
  A mottled dragon (D:13)
  9 wolves
  24 insubstantial wisps
  A soldier ant (shapeshifter) (D:14)
  25 swamp worms
  4 wargs
  2 hell hounds (Lair:8)
  17 spiders
  22 water moccasins
  33 orc warriors
  A porcupine (shapeshifter) (Vaults:4)
  6 black bears
  6 ice beasts
  18 swamp drakes
  11 porcupines
  An ettin simulacrum (Vaults:2)
  A centaur (shapeshifter) (Vaults:1)
  6 centaurs
  A necrophage (D:8)
  A sky beast (D:11)
  2 phantoms
  27 wasps
  61 ogres
  4 big kobolds
  A brain worm (D:12)
  22 crocodiles
  3 elf zombies (Ossuary)
  A brain worm (shapeshifter) (Vaults:3)
  19 giant frogs
  4 scorpions
  18 killer bees
  8 wights
  5 electric eels
  The ghost of Ohli the Covered, a weakling TeFi (D:3)
  4 crimson imps
  11 hounds
  2 human zombies
  3 giant frog zombies
  23 orc priests
  30 orc wizards
  5 jellies
  Crazy Yiuf (D:4)
  15 worker ants
  3 centaur skeletons
  13 iguanas
  Terence (D:3)
  Natasha (D:3)
  A quasit (D:15)
  3 big kobold zombies (Ossuary)
  14 sheep (Lair:8)
  A killer bee zombie (D:8)
  3 hound skeletons
  2 hound zombies (Ossuary)
  3 mummies (Ossuary)
  2 worker ant zombies (D:9)
  4 gnolls (D:8)
  11 adders
  60 river rats
  4 shadow imps
  3 oozes
  A worm zombie (D:8)
  6 adder zombies
  A worm (D:4)
  4 giant geckos
  179 orcs
  A ball python (D:4)
  5 giant cockroaches
  6 goblins
  8 hobgoblins
  11 jackals
  32 kobolds
  7 bats
  4 giant newts
  A gnoll zombie (Ossuary)
  2 goblin zombies (Ossuary)
  3 hobgoblin zombies (Ossuary)
  4 jackal zombies (Ossuary)
  3 kobold zombies (Ossuary)
  An orc zombie (Ossuary)
  5 quokkas
  3 quokka skeletons
  5 quokka zombies (Ossuary)
  11 rats
  3 rat zombies (Ossuary)
  A butterfly (Lair:6)
  3 crawling corpses (Vaults:5)
  A plant (Lair:5)
1882 creatures vanquished.

Vanquished Creatures (collateral kills)
  An ironheart preserver (Vaults:5)
  A deep elf death mage (Vaults:4)
  2 two-headed ogres (Vaults:1)
  An ogre (Vaults:1)
5 creatures vanquished.

Vanquished Creatures (others)
  A lich (Vaults:5)
  A tentacled monstrosity (Vaults:5)
  A fire giant (Vaults:5)
  A vault warden (Vaults:5)
  A ghost moth (Spider:4)
  2 ironheart preservers (Vaults:4)
  2 ettins (Vaults:5)
  A yaktaur captain (Vaults:5)
  2 deep elf high priests (Vaults:5)
  An alligator (Swamp:4)
  An ogre mage (Vaults:4)
  A spriggan (Swamp:3)
  A spriggan druid (Swamp:4)
  A hornet (Vaults:5)
  A fire drake (Swamp:4)
  A merfolk (shapeshifter) (Vaults:4)
  A slime creature (Swamp:2)
  A redback (Vaults:5)
  A naga (shapeshifter) (Vaults:5)
  A vampire mosquito (Swamp:3)
  A wasp (Swamp:3)
  A swamp drake (Swamp:3)
  A scorpion (shapeshifter) (Vaults:5)
  An orc wizard (Vaults:3)
  A white imp (Spider:1)
  An adder skeleton (D:4)
  An orc (Vaults:3)
  6 fungi
  16 plants
52 creatures vanquished.

Grand Total: 1939 creatures vanquished

Notes
Turn   | Place    | Note
--------------------------------------------------------------
     0 | D:1      | vatarom the Formicid Fighter began the quest for the Orb.
     0 | D:1      | Reached XP level 1. HP: 18/18 MP: 1/1
    98 | D:1      | Reached XP level 2. HP: 21/25 MP: 2/2
   124 | D:1      | Reached skill level 4 in Fighting
   175 | D:1      | Reached XP level 3. HP: 15/31 MP: 3/3
   619 | D:1      | You fall through a shaft!
   836 | D:2      | Reached skill level 5 in Fighting
   879 | D:2      | Reached XP level 4. HP: 29/39 MP: 4/4
  1216 | D:3      | Found a blossoming altar of Fedhas.
  1366 | D:3      | Noticed Terence
  1367 | D:3      | Noticed Sigmund
  1370 | D:3      | You fall through a shaft for 3 floors!
  1382 | D:6      | Reached XP level 5. HP: 31/44 MP: 5/5
  1385 | D:6      | Reached skill level 5 in Shields
  1500 | D:6      | Noticed a phantom
  1508 | D:5      | Entered Level 5 of the Dungeon
  1655 | D:5      | Reached skill level 6 in Shields
  1655 | D:5      | Reached XP level 6. HP: 51/51 MP: 6/6
  1724 | D:5      | Got a tattered robe
  1725 | D:5      | Identified the +1 robe of Cainn {Dex+3} (You found it on level 5 of the Dungeon)
  1827 | D:5      | Noticed Grinder
  1867 | D:5      | Killed Grinder
  1867 | D:5      | Reached skill level 8 in Shields
  1867 | D:5      | Reached XP level 7. HP: 40/56 MP: 7/7
  2051 | D:5      | Gained mutation: Your body sometimes deteriorates upon taking damage. [potion of mutation]
  2051 | D:5      | Gained mutation: You can breathe flames. [potion of mutation]
  2333 | D:3      | Noticed Ohli's ghost (weakling TeFi)
  2338 | D:3      | Killed Ohli's ghost
  2338 | D:3      | Reached skill level 5 in Armour
  2525 | D:3      | Noticed Natasha
  2533 | D:3      | Killed Natasha
  2599 | D:3      | Killed Sigmund
  2599 | D:3      | Reached XP level 8. HP: 60/62 MP: 8/8
  2639 | D:3      | Killed Terence
  2919 | D:4      | Noticed Pikel
  2984 | D:4      | Killed Pikel
  3053 | D:4      | Found a deep blue altar of Sif Muna.
  3056 | D:4      | Found a glowing golden altar of the Shining One.
  3059 | D:4      | Found a sacrificial altar of Ru.
  3133 | D:4      | Found an iron altar of Okawaru.
  3255 | D:4      | Found Ulaxymp's Distillery.
  3258 | D:4      | Bought a potion of mutation for 32 gold pieces
  3258 | D:4      | Gained mutation: Armour fits poorly on your strangely shaped body. [potion of mutation]
  3258 | D:4      | Gained mutation: You have sharp toenails. [potion of mutation]
  3290 | D:4      | Reached XP level 9. HP: 68/68 MP: 9/9
  3494 | D:4      | Noticed Crazy Yiuf
  3496 | D:4      | Killed Crazy Yiuf
  3501 | D:4      | Got a shimmering mace
  3503 | D:4      | Identified the cursed +1 mace of Gallantry {freeze, rElec Str+3 Dex+3} (You found it on level 4 of the Dungeon)
  3913 | D:6      | Killed a phantom
  4003 | D:6      | Noticed an orc warrior
  4018 | D:6      | Killed an orc warrior
  4018 | D:6      | Reached skill level 5 in Maces & Flails
  4165 | D:6      | Noticed an ice beast
  4180 | D:6      | Killed an ice beast
  4294 | D:6      | Noticed an ogre
  4296 | D:6      | Found a sparkling altar of Nemelex Xobeh.
  4300 | D:6      | Killed an ogre
  4437 | D:6      | Noticed a centaur
  4703 | D:7      | Noticed cireshan's ghost (novice DECj)
  4817 | D:7      | Found a staircase to the Ecumenical Temple.
  4835 | Temple   | Entered the Ecumenical Temple
  4904 | Temple   | Became a worshipper of Cheibriados the Contemplative
  4942 | D:7      | Killed cireshan's ghost
  5090 | D:7      | Found an ancient bone altar of Kikubaaqudgha.
  5093 | D:7      | Found a shattered altar of Ashenzari.
  5109 | D:7      | Reached skill level 1 in Invocations
  5125 | D:7      | Found a bloodstained altar of Trog.
  5125 | D:7      | Found a basalt altar of Yredelemnul.
  5125 | D:7      | Found a burning altar of Makhleb.
  5126 | D:7      | Found a glowing silver altar of Zin.
  5137 | D:7      | Gained mutation: Your spells are a little easier to cast, but a little less powerful. [potion of mutation]
  5137 | D:7      | Gained mutation: Scrolls take you a little longer to read. [potion of mutation]
  5303 | D:7      | Reached * piety under Cheibriados
  5585 | D:7      | Gained mutation: You possess an exceptional clarity of mind. [potion of beneficial mutation]
  5677 | D:7      | Reached XP level 10. HP: 65/74 MP: 12/12
  5765 | D:8      | Found a sand-covered staircase.
  5781 | Ossuary  | Entered an ossuary
  5962 | Ossuary  | Reached ** piety under Cheibriados
  5962 | Ossuary  | Reached skill level 5 in Invocations
  6369 | D:8      | Reached *** piety under Cheibriados
  6673 | D:8      | Found an ancient bone altar of Kikubaaqudgha.
  6694 | D:8      | Gained mutation: You are partially covered in iridescent scales (AC +4). [potion of beneficial mutation]
  6858 | D:8      | Got a twisted robe
  6875 | D:8      | Identified the +1 robe of Patoz {rN+ Str+3 Dex+6} (You found it on level 8 of the Dungeon)
  6949 | D:8      | Reached XP level 11. HP: 74/87 MP: 17/17
  6951 | D:8      | Reached **** piety under Cheibriados
  7255 | D:9      | Reached skill level 1 in Dodging
  7298 | D:9      | Reached skill level 9 in Invocations
  8309 | D:10     | Entered Level 10 of the Dungeon
  8466 | D:10     | Found a blossoming altar of Fedhas.
  8537 | D:10     | Reached skill level 10 in Invocations
  8676 | D:10     | Found a staircase to the Orcish Mines.
  8682 | D:10     | Found a blossoming altar of Fedhas.
  8833 | D:10     | Reached skill level 5 in Dodging
  8919 | D:10     | Found a staircase to the Lair.
  8946 | D:10     | Noticed Erica
  8946 | D:10     | Got an ancient chain mail
  8957 | D:10     | Killed Erica
  8957 | D:10     | Reached skill level 11 in Invocations
  8972 | D:10     | Identified the +4 chain mail of Qennay {+Fly rC+ Str+2} (You found it on level 10 of the Dungeon)
  9110 | D:10     | Reached XP level 12. HP: 76/94 MP: 20/20
  9251 | D:11     | Reached ***** piety under Cheibriados
  9267 | D:11     | Identified a scroll of acquirement
  9323 | D:11     | Noticed a six-headed hydra
  9328 | D:11     | Killed a six-headed hydra
  9367 | D:11     | Reached skill level 12 in Invocations
  9717 | Lair:1   | Entered Level 1 of the Lair of Beasts
  9941 | Lair:1   | Noticed a four-headed hydra
  9957 | Lair:1   | Killed a four-headed hydra
  9957 | Lair:1   | Reached skill level 10 in Maces & Flails
 10029 | Lair:1   | Reached skill level 13 in Invocations
 10949 | Lair:2   | Got a pitted whip
 10952 | Lair:2   | Identified the +5 whip of Jyst {antimagic, rElec rF+} (You found it on level 2 of the Lair of Beasts)
 10992 | Lair:2   | Noticed a four-headed hydra
 11001 | Lair:2   | Killed a four-headed hydra
 11001 | Lair:2   | Reached XP level 13. HP: 75/99 MP: 22/22
 11485 | Lair:2   | Reached skill level 10 in Shields
 12003 | Lair:3   | Reached ****** piety under Cheibriados
 12411 | Lair:3   | Got a pitted bronze ring
 12458 | Lair:3   | Identified the ring "Lyt Seqo" {MP+9 Dex+6 Stlth-} (You found it on level 3 of the Lair of Beasts)
 13083 | Lair:4   | Noticed Urug
 13090 | Lair:4   | Killed Urug
 13090 | Lair:4   | Reached skill level 10 in Armour
 13635 | Lair:5   | Reached XP level 14. HP: 57/106 MP: 23/23
 13947 | Lair:5   | Found a hole to the Spider Nest.
 14531 | Lair:5   | Learned a level 3 spell: Regeneration
 15013 | Lair:6   | Found a staircase to the Swamp.
 15681 | Lair:7   | Reached skill level 1 in Spellcasting
 16155 | Lair:7   | Noticed Josephine
 16166 | Lair:7   | Killed Josephine
 16268 | Lair:7   | Reached XP level 15. HP: 80/112 MP: 24/24
 16811 | Lair:7   | Reached skill level 1 in Evocations
 17177 | Lair:8   | Entered Level 8 of the Lair of Beasts
 17351 | Lair:8   | Found a runed door.
 17352 | Lair:8   | Found a viscous altar of Jiyva.
 17356 | Lair:8   | Noticed an acid blob
 17696 | Lair:8   | Reached skill level 5 in Evocations
 17904 | Lair:8   | Found a burning altar of Makhleb.
 17908 | Lair:8   | Reached skill level 14 in Maces & Flails
 18089 | Lair:8   | Learned a level 2 spell: Stoneskin
 18305 | Lair:8   | Reached skill level 1 in Necromancy
 18851 | Lair:8   | Found a gateway to Hell.
 18933 | Lair:8   | Noticed an acid blob
 18934 | Lair:8   | Found a staircase to the Slime Pits.
 18934 | Lair:8   | Noticed an acid blob
 19365 | D:10     | Reached XP level 16. HP: 118/118 MP: 25/25
 19382 | Orc:1    | Entered Level 1 of the Orcish Mines
 19731 | Orc:1    | Found Xeoraut's Gadget Emporium.
 19874 | Orc:2    | Found a roughly hewn altar of Beogh.
 20462 | Orc:4    | Entered Level 4 of the Orcish Mines
 20508 | Orc:4    | Found a roughly hewn altar of Beogh.
 20962 | Orc:4    | Reached skill level 5 in Necromancy
 20977 | Orc:4    | Found Jearaobo's Assorted Antiques.
 20977 | Orc:4    | Found Liefec's Antique Weapon Shop.
 20978 | Orc:4    | Found Wyroung's Distillery.
 20978 | Orc:4    | Found Xolish's Armour Emporium.
 21242 | Orc:4    | Bought a faintly glowing gold dragon armour for 2465 gold pieces
 21252 | Orc:4    | Identified the +8 gold dragon armour of Egenwyidgh {*Drain rPois rF+ rC+ rCorr MP+9 Dex+2} (You bought it in a shop on level 4 of the Orcish Mines)
 21253 | Orc:4    | Bought a potion of heal wounds for 80 gold pieces
 21253 | Orc:4    | Bought a potion of heal wounds for 80 gold pieces
 22030 | Swamp:1  | Entered Level 1 of the Swamp
 22959 | Swamp:2  | Reached skill level 10 in Fighting
 23731 | Swamp:2  | Reached XP level 17. HP: 71/131 MP: 26/26
 24074 | Swamp:3  | Noticed Aizul
 24092 | Swamp:3  | Killed Aizul
 24631 | Swamp:3  | Noticed Nikola
 24668 | Swamp:3  | Killed Nikola
 24978 | Swamp:3  | Noticed Donald
 24985 | Swamp:3  | Killed Donald
 25297 | Lair:8   | Learned a level 9 spell: Tornado
 25641 | Swamp:3  | Reached skill level 1 in Air Magic
 25909 | Swamp:4  | Entered Level 4 of the Swamp
 26316 | Swamp:3  | Reached skill level 5 in Air Magic
 26586 | Swamp:4  | Reached XP level 18. HP: 109/140 MP: 27/27
 27337 | Swamp:4  | Got a decaying rune of Zot
 27531 | Spider:1 | Entered Level 1 of the Spider Nest
 28844 | Spider:1 | Upgraded the game from 0.17-a0-2093-gc772f4b to 0.17-a0-2098-gf59d6bc
 29162 | Spider:2 | You fall through a shaft!
 30527 | Spider:4 | Entered Level 4 of the Spider Nest
 30540 | Spider:4 | Noticed brucemayne's ghost (adept HOBe)
 30558 | Spider:4 | Killed brucemayne's ghost
 30558 | Spider:4 | Reached skill level 10 in Air Magic
 30587 | Spider:4 | Lost mutation: Armour fits poorly on your strangely shaped body. [potion of mutation]
 30587 | Spider:4 | Gained mutation: Armour fits poorly on your strangely shaped body. [potion of mutation]
 30948 | Spider:4 | Reached XP level 19. HP: 95/146 MP: 7/28
 31145 | Spider:4 | Got a gossamer rune of Zot
 31205 | Spider:4 | Learned a level 1 spell: Summon Butterflies
 32534 | D:13     | Reached skill level 1 in Summonings
 32998 | D:13     | Found a portal to a secret trove of treasure.
 33424 | D:14     | Lost mutation: Scrolls take you a little longer to read. [potion of cure mutation]
 33424 | D:14     | Lost mutation: Your body sometimes deteriorates upon taking damage. [potion of cure mutation]
 33424 | D:14     | Lost mutation: You have sharp toenails. [potion of cure mutation]
 33424 | D:14     | Lost mutation: You can breathe flames. [potion of cure mutation]
 33456 | D:14     | Got a diamond-encrusted plate armour
 33457 | D:14     | Identified the cursed +0 plate armour of Nihilism {Str+4 Dex+4 SInv} (You found it on level 14 of the Dungeon)
 33480 | D:14     | Found a gate to the Vaults.
 33599 | D:14     | Reached skill level 5 in Summonings
 33846 | D:14     | Found Haew's Jewellery Boutique.
 34167 | D:15     | Entered Level 15 of the Dungeon
 34465 | D:15     | Noticed Rupert
 34479 | D:15     | Killed Rupert
 34725 | D:15     | Found a staircase to the Depths.
 35054 | D:15     | Reached XP level 20. HP: 156/156 MP: 29/29
 35242 | Vaults:1 | Entered Level 1 of the Vaults
 35459 | Vaults:1 | Lost mutation: You are partially covered in iridescent scales (AC +4). [potion of cure mutation]
 35459 | Vaults:1 | Lost mutation: Armour fits poorly on your strangely shaped body. [potion of cure mutation]
 35459 | Vaults:1 | Lost mutation: You possess an exceptional clarity of mind. [potion of cure mutation]
 35459 | Vaults:1 | Lost mutation: Your spells are a little easier to cast, but a little less powerful. [potion of cure mutation]
 35535 | Vaults:1 | Found Uruvomp's Antique Armour Emporium.
 35543 | Vaults:1 | Bought a pair of runed gloves for 157 gold pieces
 35543 | Vaults:1 | Bought a runed cloak for 157 gold pieces
 36679 | Vaults:2 | Noticed Jory
 36862 | Vaults:2 | Killed Jory
 38080 | Vaults:2 | You fall through a shaft!
 38530 | Vaults:3 | Reached XP level 21. HP: 125/162 MP: 30/30
 38778 | Vaults:2 | Found a staircase to the Crypt.
 38962 | Vaults:2 | Reached skill level 15 in Shields
 38962 | Vaults:2 | Reached XP level 22. HP: 168/170 MP: 32/32
 39837 | Vaults:3 | Reached skill level 16 in Shields
 40782 | Vaults:3 | Reached skill level 5 in Spellcasting
 40985 | Vaults:4 | Found Ibamocvo's Assorted Antiques.
 40993 | Vaults:4 | Bought a scroll of enchant armour for 202 gold pieces
 41678 | Vaults:4 | Reached XP level 23. HP: 174/176 MP: 34/34
 41965 | Vaults:4 | Noticed Frederick
 41991 | Vaults:4 | Killed Frederick
 41991 | Vaults:4 | Reached skill level 15 in Armour
 43457 | Vaults:5 | Entered Level 5 of the Vaults
 43486 | Vaults:4 | Reached skill level 15 in Maces & Flails
 43892 | Vaults:4 | Reached skill level 10 in Spellcasting
 44761 | Vaults:4 | Reached XP level 24. HP: 109/183 MP: 37/37
 45376 | Vaults:5 | Killed from afar by a shadow dragon

Vault maps used:
D:1:      dpeg_arrival_fog
D:2:      first_bread
D:3:      overflow_temple_1_default, uniq_sigmund, uniq_terence, uniq_natasha
D:4:      okawaru_ov_weapons_minmay, grunt_temple_overflow_diamond,
          serial_shops, kennysheep_mini, uniq_crazy_yiuf_cottage, uniq_pikel
D:5:      minmay_misc_feat_five, uniq_grinder
D:6:      basic_altar, serial_glass, glass_columns_a, glass_columns_b,
          glass_columns_c, glass_columns_b, glass_columns_a, glass_columns_c
D:7:      grunt_temple_overflow_open, minmay_temple_entry_purple_smoke
D:8:      basic_altar, enter_ossuary_3
D:10:     erik_lair_island, orc_0_dummy, hangedman_tree_tricks,
          fedhas_altar_fruit_tree, uniq_erica
D:11:     evilmike_minifort
D:13:     nicolae_trove_entry_path_of_doom, minmay_three_doors
D:14:     lightli_vaults_fourway_checkpoint, serial_shops, shop,
          hangedman_decor_peaks_small
D:15:     grunt_enter_depths_hoard, hangedman_abyss_or_decor_stagger,
          uniq_rupert
Temple:   zaba_magenta_temple_8
Lair:3:   minivault_24
Lair:4:   lemuel_fruit_fields, serial_bayou_shore_b, uniq_urug
Lair:5:   spider_nest_entry_a, wad_woods_antlair
Lair:6:   minmay_swamp_entry_reptiles, lemuel_fruit_fields, grunt_megastairs_3,
          lemuel_fruit_tree
Lair:7:   serial_bayou, serial_bayou_shore_a, serial_bayou_pond_e,
          serial_bayou_lagoon_b, serial_bayou_shore_b, serial_bayou_ford_a,
          uniq_josephine
Lair:8:   evil_forest, slime_altar_2
Swamp:1:  evilmike_swamp_ruin_house_4, infiniplex_staircase_pool_2
Swamp:2:  evilmike_swamp_ruin_house_1
Swamp:3:  evilmike_swamp_ruin_house_2, uniq_nikola, uniq_donald, uniq_aizul
Swamp:4:  swamp_alternative
Spider:1: nicolae_crawler_farm
Spider:3: spider_trap
Spider:4: grunt_spider_rune_circles
Orc:1:    serial_shops, shop_fountains
Orc:2:    basic_altar
Orc:3:    serial_shops, shop, nicolae_orc_pool_cavern
Orc:4:    st_orc_ogre_mass, basic_altar
Vaults:1: vaults_room_semicircle, vaults_room_semicircle,
          vaults_standard_mumra_x, vaults_dpeg_doors, ontoclasm_vaults_hangar,
          nicolae_vaults_ninety_degrees, nicolae_vaults_asterisk,
          ontoclasm_vaults_tryst, nicolae_vaults_little_squares_4, v_misc_13,
          v_rooms_3, serial_shops, shop
Vaults:2: nicolae_vaults_puzzle_piece, vaults_dpeg_cross,
          minmay_crypt_entry_simple_box, st_spiral_rooms,
          ontoclasm_vaults_decontamination, vaults_mumra_hexcomb,
          vaults_room_door_hall, uniq_jory
Vaults:3: hangedman_vaults_maws, nicolae_vaults_diagonal_hallway_7,
          stair_cage_open, serial_ice_h, v_misc_2, grunt_vaults_diagonal,
          ontoclasm_vaults_shuriken, ontoclasm_vaults_bender, v_rooms_6
Vaults:4: ontoclasm_vaults_eye, nicolae_vaults_disjoint_gnomons,
          ontoclasm_vaults_chip, nicolae_vaults_little_ls,
          hangedman_vaults_trim, ontoclasm_vaults_fault,
          hangedman_vaults_restitches, ontoclasm_vaults_claustrophobia,
          v_misc_12, ontoclasm_vaults_ligature, ontoclasm_vaults_idyll,
          serial_shops, nicolae_shop_waterfront, uniq_frederick
Vaults:5: serial_shops
Ossuary:  minmay_ossuary_two_tombs

Action                   |  1- 3 |  4- 6 |  7- 9 | 10-12 | 13-15 | 16-18 | 19-21 | 22-24 || total
-------------------------+-------+-------+-------+-------+-------+-------+-------+-------++-------
Melee: Flail             |   132 |   128 |   184 |       |       |       |       |       ||   444
       Mace              |       |       |   163 |    12 |       |       |       |       ||   175
       Dire flail        |       |       |       |   789 |  1274 |  1670 |  1386 |  1090 ||  6209
       Great mace        |       |       |       |       |       |       |     8 |       ||     8
       Eveningstar       |       |       |       |       |       |       |       |    70 ||    70
 Cast: Regeneration      |       |       |       |       |       |     5 |     2 |       ||     7
       Summon Butterflie |       |       |       |       |       |       |     9 |    17 ||    26
Invok: Slouch            |       |       |       |     6 |     7 |    19 |     5 |    13 ||    50
       Temporal Distorti |       |       |       |       |     1 |       |     5 |     5 ||    11
       Bend Time         |       |       |       |       |     1 |       |     1 |     3 ||     5
       Step From Time    |       |       |       |       |       |     2 |     2 |       ||     4
 Abil: Dig               |     2 |     1 |     4 |     3 |     4 |     5 |     4 |       ||    23
       Shaft Self        |     1 |     1 |       |       |       |       |     1 |       ||     3
       Breathe Fire      |       |       |     1 |     1 |       |     1 |       |       ||     3
Evoke: Wand              |       |       |     1 |     3 |     2 |    25 |    17 |     6 ||    54
       Fan of gales      |       |       |       |       |       |       |     1 |     2 ||     3
  Use: Scroll            |     8 |     4 |     3 |    13 |    11 |    11 |    10 |     7 ||    67
       Potion            |       |     2 |    13 |     5 |     3 |    13 |     9 |     1 ||    46
 Stab: Distracted        |       |       |       |       |       |     1 |     1 |       ||     2
       Confused          |       |       |       |       |       |     4 |       |       ||     4
       Paralysed         |       |       |       |       |       |       |     4 |       ||     4
  Eat: Bread ration      |     1 |       |     2 |       |       |     4 |     2 |       ||     9
       Beef jerky        |       |       |     1 |       |       |       |       |       ||     1
       Meat ration       |       |       |     2 |     2 |       |     2 |       |     2 ||     8
       Chunk             |       |       |       |     1 |    15 |     3 |    13 |     8 ||    40
       Fruit             |       |       |       |       |     5 |       |       |       ||     5
       Pizza             |       |       |       |       |       |       |     1 |       ||     1
